 Dungeon Crawl Stone Soup version 0.29-a0-317-gd16b76e6b1 (webtiles) character file.

Game seed: 7550394397420006830

1115 Leszczynek the Chopper (level 8, 64/64 HPs)
             Began as a Human Gladiator on Mar 31, 2022.
             Quit the game on level 5 of the Dungeon.
             The game lasted 00:15:29 (2719 turns).

Leszczynek the Chopper (Human Gladiator)            Turns: 2719, Time: 00:15:29

Health: 64/64      AC:  7    Str: 16    XL:     8   Next: 60%
Magic:  8/8        EV: 12    Int: 10    God:
Gold:   209        SH:  0    Dex: 14    Spells: 7/7 levels left

rFire   + . .      SeeInvis .   a - +1 war axe
rCold   + . .      Faith    .   (no shield)
rNeg    . . .      Spirit   .   j - +0 ring mail
rPois   +          Reflect  .   c - +1 helmet
rElec   .          Harm     .   m - scarf {rC+ rF+}
rCorr   .          Rampage  .   (no gloves)
Will    .....                   (no boots)
Stlth   +.........              (no amulet)
HPRegen 0.20/turn               n - ring of poison resistance
MPRegen 0.11/turn               (no ring)

@: no status effects
A: no striking features
a: no special abilities


You were on level 5 of the Dungeon.
You visited 1 branch of the dungeon, and saw 6 of its levels.

You collected 209 gold pieces.

Inventory:

Hand Weapons
 a - a +1 war axe (weapon)
 b - a +1 flail of holy wrath
Missiles
 e - a javelin (quivered)
Armour
 c - a +1 helmet (worn)
 j - a +0 ring mail (worn)
 m - a scarf of resistance (worn)
Jewellery
 n - a ring of poison resistance (left hand)
Wands
 l - a wand of digging (1)
Scrolls
 d - a scroll of identify {@r1}
 g - a scroll of vulnerability {!r}


   Skills:
 * Level 5.8 Fighting
 * Level 6.3 Axes
 + Level 4.2 Throwing
 + Level 4.9 Dodging


You had 7 spell levels left.
You didn't know any spells.
Your spell library contained the following spells:

 Spells                   Type           Power      Damage    Failure   Level
 Summon Small Mammal      Summ           0%         N/A       58%         1
 Call Canine Familiar     Summ           0%         N/A       91%         3
 Frozen Ramparts          Ice            0%         1d2       91%         3
 Gell's Gravitas          Tloc           0%         N/A       91%         3
 Lesser Beckoning         Tloc           0%         N/A       91%         3
 Summon Guardian Golem    Hex/Summ       0%         N/A       91%         3
 Teleport Other           Tloc           0%         N/A       91%         3
 Ice Form                 Ice/Tmut       0%         N/A       100%        4
 Summon Ice Beast         Ice/Summ       0%         N/A       100%        4


Dungeon Overview and Level Annotations

Branches:
Dungeon (6/15)
 Temple: D:4-7

Altars:
Fedhas
Qazlal

Annotations:
D:5 Menkaure


Message History

You miss the sky beast.
The sky beast is heavily wounded.
The sky beast barely misses you.
The sky beast hits you but does no damage.
Unknown command.
You miss the sky beast.
The sky beast is heavily wounded.
The sky beast hits you but does no damage.
Unknown command.
You hit the sky beast.
The sky beast is heavily wounded.
The sky beast hits you but does no damage.
Unknown command.
You slash the sky beast!
The sky beast is severely wounded.
The sky beast hits you but does no damage.
You hit the sky beast.
The sky beast is almost dead.
The sky beast closely misses you.
Unknown command.
You hit the sky beast but do no damage.
The sky beast is almost dead.
The sky beast misses you.
Unknown command.
You closely miss the sky beast.
The sky beast is almost dead.
The sky beast hits you.
* * * LOW HITPOINT WARNING * * *
The sky beast shocks you.
* * * LOW HITPOINT WARNING * * *
The sky beast hits you but does no damage.
You hit the sky beast.
You kill the sky beast!
You see here a sky beast corpse.
Unknown command.
Unknown command.
You start resting.
HP restored.
Enter note: S P E E D R U N Are you sure you want to abandon this character and quit the game? (Confirm with "yes".)

######.....# ##
#####..........####.
#...'........>......
#.###........######.
#.# #.............+.
#.# #.....#########.
#.# #.......# #.
#.#######.### #.
#..@......# #.
########### #. #. #.
##


There were no monsters in sight!

Vanquished Creatures
  Eustachio (D:6)
  Edmund (D:6)
  2 sky beasts
  2 phantoms
  2 bullfrogs
  2 scorpions
  A howler monkey (D:6)
  2 hounds
  A jelly (D:5)
  2 iguanas (D:5)
  2 orc wizards (D:4)
  2 adders
  2 white imps
  An ufetubus (D:4)
  A worm (D:5)
  A dart slug (D:1)
  3 orcs
  3 bats
  An endoplasm (D:4)
  2 giant cockroaches (D:4)
  A goblin (D:1)
  A hobgoblin (D:2)
  8 jackals
  2 kobolds
  A quokka (D:1)
  A ball python (D:1)
  A frilled lizard (D:1)
49 creatures vanquished.

Vanquished Creatures (others)
  3 fungi (D:5)
  3 plants (D:5)
6 creatures vanquished.

Grand Total: 55 creatures vanquished

Notes
Turn   | Place    | Note
-------+----------+-------------------------------------------
     0 | D:1      | Leszczynek the Human Gladiator began the quest for the Orb.
     0 | D:1      | Reached XP level 1. HP: 16/16 MP: 1/1
    52 | D:1      | Reached XP level 2. HP: 14/22 MP: 2/2
   399 | D:4      | Reached XP level 3. HP: 24/28 MP: 3/3
   506 | D:4      | come on
   506 | D:4      | two at the same time
   515 | D:4      | Reached XP level 4. HP: 15/34 MP: 4/4
   516 | D:4      | HP: 5/34 [something (3)]
   521 | D:4      | Reached skill level 3 in Fighting
   558 | D:4      | Noticed a phantom
   559 | D:4      | OH FUCK OFF
   574 | D:4      | HP: 7/35 [phantom (3)]
   576 | D:4      | Killed a phantom
   577 | D:4      | Reached skill level 4 in Axes
   577 | D:4      | Reached XP level 5. HP: 6/41 MP: 5/5
   579 | D:4      | it's okay i don't like having consumables
   764 | D:3      | Found a faded altar of an unknown god.
   957 | D:5      | Entered Level 5 of the Dungeon
   977 | D:5      | Reached XP level 6. HP: 40/47 MP: 6/6
   982 | D:5      | more
   982 | D:5      | MORE
   982 | D:5      | give me an ogre
   982 | D:5      | this is not enough
  1192 | D:5      | cancer layou
  1192 | D:5      | t
  1200 | D:5      | Reached skill level 3 in Throwing
  1306 | D:5      | Found a stormy altar of Qazlal.
  1307 | D:5      | Found a blossoming altar of Fedhas.
  1314 | D:5      | Reached skill level 4 in Fighting
  1382 | D:5      | Reached skill level 4 in Dodging
  1382 | D:5      | Reached XP level 7. HP: 44/54 MP: 7/7
  1441 | D:6      | Noticed Edmund
  1442 | D:6      | Found a glowing drain.
  1455 | D:6      | i'm fucking dead
  1468 | D:5      | or not
  1574 | D:5      | Noticed Menkaure
  1578 | D:5      | fuck off
  1752 | D:5      | cancer
  1752 | D:5      | look how long it's taking
  1752 | D:5      | fuck it i'm yoloing edmund
  1773 | D:6      | Killed Edmund
  1774 | D:6      | Reached skill level 5 in Axes
  1835 | D:6      | Noticed Eustachio
  1836 | D:6      | of course
  1855 | D:6      | HP: 11/55 [bullfrog (3)]
  1860 | D:5      | HP: 7/55 [bullfrog (3)]
  2293 | D:6      | Killed Eustachio
  2294 | D:6      | Reached skill level 5 in Fighting
  2294 | D:6      | Reached XP level 8. HP: 51/62 MP: 8/8
  2294 | D:6      | easy
  2294 | D:6      | just take 999999999 turns resetting
  2294 | D:6      | speedruns
  2357 | D:6      | Reached skill level 4 in Throwing
  2374 | D:6      | HP: 12/63 [sky beast (6)]
  2376 | D:6      | Reached skill level 6 in Axes
  2384 | D:6      | FUCK
  2384 | D:6      | OFF
  2384 | D:6      | fuck this shit game
  2396 | D:6      | HP: 12/63 [bullfrog (5)]
  2398 | D:6      | AND ANOTHER COMES
  2398 | D:6      | where the fuck where your hiding
  2398 | D:6      | in your ass?
  2436 | D:5      | FUCK OFF
  2436 | D:5      | jesus christ
  2448 | D:5      | HP: 10/64 [sky beast (5)]
  2719 | D:5      | S P E E D R U N
  2719 | D:5      | Quit the game

Illustrated notes ##.......###..........#### +........##..........# #.......†##..........#### ########.###'#######..... ...####'###.#########... .........##...........## .........##..########### .........##..#...<#... . ......h@.##..#.####.#### #######'###..#........# oo# #..######.#.# #..# #..# #.# #..# #### #.# #..# #.#### #..# #..... #..# #..### ##..# Turn 506 on D:4: come on

#........###########....##.
.........# ##..............
##.......###..........####.
+........##..........#
#.......S##..........#####
########.###'#######......
...####+###.#########....
.........##...........##.
....h...@##..###########(
.........##..#...<#... ..
......†..##..#.####.#####
########)###..#........#
.......))# #..######.#.#
#######..# #..# #.# #.W#
#### #.# #..# #.####. #..#
#......


Turn 559 on D:4: OH FUCK OFF ##.......### +........## #.......S##
##+############.## #..........####+## #................# #................#
+................# #@............†..# ###############)## .......))# #######..#
#..# #..# #..# #..# #..+ Turn 579 on D:4: it's okay i don't like having
consumables ##### #...# #.#.# #.#.# # #.#<# .# #.###.l# #.@5s..# ######.# Turn
982 on D:5: more ######.#######.# #.........# ############### #.....>.......#
#(###########.# #.# #.# #.# #.# #.# #.# ####.# #@# .....# #....J... ######
......... ###....... ....... .....!. ##### ....... #...# #.##### #.#s# Turn 1192
on D:5: cancer layou ...##### ....... #.....# ####### ##.....## #.....#
###.......# #.....# #.........# #<....# ## #.......# #....<# #.. ##.....##
##.....# ####..##.....@.## ##......# ................####.......#
......#...........##.#.....# ............@........####.##
..###...##...#####.####..... ......#.#.....## #..........# .....$.........#
######...... ....##..........# # ... ##.........# Turn 1455 on D:6: i'm fucking
dead #.# #.# ######.# #.# #...##.# #.# ###...##.#####.# #.....##.......# ##
#.....########## #. ######.....# #. #####..........####.. #...'........@.......
#.###........######.. # #.............+ # #.....######### # #.......# #
#####.### # ..# # ### # # Turn 1468 on D:5: or not ##########......#.#.# #.##)
########.#.######'##. #................. ######.###.#...........
#........#.#........... #.####.#.#.#........... #.#.#.#########... #.#.#.# ##..
#@#...# #.. #.##### ##. #.....# #. #####.# #### .. #..† ... #.#. .M. # #. .. ##
. Turn 1578 on D:5: fuck off #.#...# #..#'## #.##### ##.#.# #.....# #...#
#####.##### ####..# #.....### #..†..# ##......# #.#...# #......# #.#..>#
#......# #.##### #......# #@# #......# #.# ####'### #.# #.# #.# #.#####.#
#.......# ######### Turn 1752 on D:5: cancer ................####.......#
......#...........##.#.....# .....................####.##.
..###...##...#####.####...... ......#.#...†.## #..........#
.....$.........########...... ....##..........# ####### ... ##.........# ..
#.....@...# . ...........# .#####......... ..#≈SS#......### ..#≈BB#.....##
..#≈∩B#.....# .#≈≈≈#.@...# .#≈≈≈#.....# Turn 1836 on D:6: of course ... ...#####
........ #.....# ####### ##.....## #.....# ##.......# #.....#
.........#######@....# #............§)§..[<# ##.....########.§...# ##.......##
##......# ..........####.......# #...........##.#.....#
.......@......(####.##..# ..##...#####.####......# #.#...†.## #..........## Turn
2294 on D:6: easy ##.....## #.. ###.......# #.. #......F..#######<.
###†#.............).. #.≈.##.....########.. #####..##.......## ##...
#................####.... ##......#...........##.#.. #........@.............###
....###...##...#####.####. .........#.#.....## #......
..................########. Y......##..........# ## ......####)........#
.........#(........# ..)...##.†.........# .........#####......... Turn 2384 on
D:6: FUCK #................####.... ##......#(..........##.#..
#......................### ....###...##...#####.####. .........#.#.....##
#...... ..................########. Y......##..........# ## ......####F........#
.........#@........# ..)...##.†.........# .........#####.........
.........#SBB#......### .........#SB≈#.....## ##.......#≈.≈#.....#
#..####.#≈≈≈#.....# #. ..#≈≈≈#...z.# # #..##+##.... Turn 2398 on D:6: AND
ANOTHER COMES #.# ######.# #...##.# ###...##.# #.....##.. #.....####
######.....# # #####..........#### #.@.'........>..... #Y###........###### #.
#.............+ #. #.....######### #. #.......# # #. #####.### # #. ..# # ## ###
# # Turn 2436 on D:5: FUCK OFF ######.....# ## #####..........####.
#...'........>...... #.###........######. #.# #.............+. #.#
#.....#########. #.# #.......# #. #.#######.### #. #..@......# #. ########### #.
#. #. ## Turn 2719 on D:5: S P E E D R U N

Levels and vault maps discovered:
D:1:      mrwooster_arrival_statue_2, layout_basic, minmay_rat_gold_closets
D:2:      layout_loops_corners, basic_altar, uniq_jessica,
          uniq_crazy_yiuf_cottage
D:3:      layout_basic, dreamdust_ecumenical_altar_grove, minivault_5,
          hex_large, grunt_decor_resistance
D:4:      layout_basic, kennysheep_another_room, minmay_crystal_room,
          minmay_surrounded
D:5:      layout_basic, grunt_temple_overflow_forces_of_nature, uniq_menkaure
D:6:      layout_rooms, gup_sewer_entry_glass, serial_curves, eino_curves_03,
          eino_curves_02, eino_curves_04, uniq_edmund, uniq_eustachio

Skill      XL: |  1  2  3  4  5  6  7  8 |
---------------+-------------------------+-----
Fighting       | 3 4 5 |  5.8
Axes           | 4 5 6 |  6.3
Throwing       | 3 4 |  4.2
Dodging        | 4 |  4.9

Action                   |  1- 3 |  4- 6 |  7- 9 || total
-------------------------+-------+-------+-------++-------
Melee: War axe           |    52 |    77 |   100 ||   229
       Punch             |     4 |     1 |     1 ||     6
Throw: Throwing net      |       |     2 |     3 ||     5
       Javelin           |       |     2 |     3 ||     5
Evoke: Wand              |       |       |     1 ||     1
  Use: Scroll            |     3 |     2 |     2 ||     7
       Potion            |     2 |     1 |     5 ||     8
Armor: Leather armour    |    11 |       |       ||    11
       Ring mail         |     5 |    37 |    42 ||    84
Dodge: Dodged            |    45 |    71 |    79 ||   195

Table legend: (Time is in decaauts)
 A = Elapsed time spent in this place.
 B = Non-inter-level travel time spent in this place.
 C = Inter-level travel time spent in this place.
 D = Time resting spent in this place.
 E = Time spent auto-exploring this place.
 F = Levels seen in this place.
 G = Mean time per level.
                   A        B        C        D        E       F      G
               +--------+--------+--------+--------+--------+-----+--------+
         Total |   2840 |   2733 |    107 |    532 |    114 |   6 |  473.3 |
       Dungeon |   2840 |   2733 |    107 |    532 |    114 |   6 |  473.3 |
               +--------+--------+--------+--------+--------+-----+--------+

Top non-repeatable levels by time:
     D:5: 1388 daAuts
     D:4: 650 daAuts
     D:6: 351 daAuts
     D:3: 170 daAuts
     D:2: 145 daAuts
     D:1: 134 daAuts
